 Dungeon Crawl Stone Soup version 0.29-a0-334-gb41bcbb86e (webtiles) character file.

Game seed: 15069979360247416348

889 ultragoat the Chopper (level 7, -8/52 HPs)
             Began as a Demonspawn Gladiator on Apr 15, 2022.
             Was an Initiate of Makhleb.
             Killed from afar by an acid dragon (32 damage)
             ... with a splash of acid
             ... on level 5 of the Dungeon.
             The game lasted 00:19:14 (5225 turns).

ultragoat the Chopper (Demonspawn Gladiator)        Turns: 5225, Time: 00:19:14

Health: -8/52      AC:  4    Str: 17    XL:     7   Next: 77%
Magic:  7/7        EV: 13    Int:  9    God:    Makhleb [......]
Gold:   142        SH:  6    Dex: 14    Spells: 6/6 levels left

rFire   . . .      SeeInvis .   f - +4 battleaxe (vorpal)
rCold   . . .      Faith    .   (shield currently unavailable)
rNeg    . . .      Spirit   .   b - +0 leather armour
rPois   .          Reflect  .   (helmet restricted)
rElec   .          Harm     .   (no cloak)
rCorr   .          Rampage  .   (no gloves)
Will    .....                   c - +0 pair of boots
Stlth   +.........              (no amulet)
HPRegen 0.17/turn               (no ring)
MPRegen 0.10/turn               (no ring)

@: no status effects
A: horns 1, large bone plates 2, foul stench 1, powered by pain 2, hooves 1,
passive freeze, no potion heal 1
a: Renounce Religion


You were on level 5 of the Dungeon.
You worshipped Makhleb.
Makhleb was noncommittal.
You visited 2 branches of the dungeon, and saw 6 of its levels.
You also visited: Sewer.

You collected 142 gold pieces.

Inventory:

Hand Weapons
 f - a +4 vorpal battleaxe (weapon)
Missiles
 d - 4 throwing nets (quivered)
 e - a javelin
Armour
 b - a +0 leather armour (worn)
 c - a +0 pair of boots (worn)
 m - an orb of energy
Jewellery
 j - an amulet of magic regeneration
Scrolls
 a - 2 scrolls of blinking {unknown}
 g - 2 scrolls of amnesia {unknown}
 i - 4 scrolls of identify
 o - 2 scrolls of silence
Potions
 h - a potion of heal wounds
 k - 2 potions of resistance {unknown}
 l - 2 potions of cancellation {unknown}


   Skills:
 + Level 3.6 Fighting
 - Level 3.7 Long Blades
 * Level 5.5 Axes
 - Level 1.8 Throwing
 + Level 2.4 Armour
 * Level 4.1 Dodging
 - Level 0.1 Stealth


You had 6 spell levels left.
You didn't know any spells.
Your spell library contained the following spells:

 Spells                   Type           Power      Damage    Failure   Level
 Beastly Appendage        Tmut           0%         N/A       43%         1
 Ensorcelled Hibernation  Hex/Ice        0%         N/A       58%         2
 Passwall                 Tmut/Erth      0%         N/A       58%         2
 Wereblood                Tmut           0%         N/A       58%         2
 Spider Form              Tmut/Pois      0%         N/A       82%         3
 Swiftness                Air            0%         N/A       82%         3


Dungeon Overview and Level Annotations

Branches:
Dungeon (5/15)             Temple (1/1) D:5           Sewer (visited)

Altars:
Dithmenos
Makhleb
Ru
Uskayaw

Shops:
D:4 :

Annotations:
D:4 3 runed translucent doors, Taurus's ghost, amateur MiBe


Innate Abilities, Weirdness & Mutations

You have a pair of small horns on your head.
You are mostly covered in large bone plates. (SH +6)
You may rarely emit foul miasma when damaged in melee.
You sometimes gain power by taking damage.
You have large cloven feet.
A frigid envelope surrounds you and freezes all who hurt you.
Potions are less effective at restoring your health.


Message History

There is an open door here.
There is a staircase back to the Dungeon here.
You can't go down here!
You climb upwards.
Welcome back to the Dungeon!
There is a staircase to the Ecumenical Temple here.
You see here a +0 dagger.
You enter the shallow water.
Moving in this stuff is going to be slow.
o - 2 scrolls of silence (gained 1)
A scorpion comes into view.
Found an amethyst potion.
You closely miss the scorpion. The scorpion stings you!
You are poisoned.
The scorpion poisons you!
The scorpion is very cold.
The scorpion is heavily wounded.
The scorpion stings you.
The scorpion is very cold.
You kill the scorpion!
Makhleb accepts your kill.
You feel very sick.
You feel very sick.
You start resting.
You feel sick. x7
You are no longer poisoned.
You start resting.
HP restored.
Unknown command.
l - 2 amethyst potions (gained 1)
Found a stone staircase leading down.
Found a stone staircase leading down.
An ogre comes into view. It is wielding a +0 giant club.
The ogre shouts!
An acid dragon comes into view.
Found 8 gold pieces.
The acid dragon roars!
The acid dragon spits acid at you. The splash of acid hits you!!
Ouch! That really hurt!
The acid dragon spits acid at you. The splash of acid hits you!!
Ouch! That really hurt!
You die...

###.###...##....####
....#....###...##
........###....# .>...#
.......####....## ..^...
......## #......# ###......
......# ##......### ##........
.....## #.........####.........
....## ##......................
.....###........@......D.......
###...#..........##...........$
##.......#....###..O.........
###.........## ##...........
#####........# #...........
##...........## #...........
#.............# ............
##.###.....###.###.........>...
...#≈≈≈≈≈≈≈≈≈#.....#####.......


You could see an acid dragon (catching breath) and an ogre.

Vanquished Creatures
  A sky beast (D:4)
  A centaur (D:4)
  2 phantoms
  A scorpion (D:5)
  2 hounds (D:5)
  An orc priest (D:3)
  2 iguanas (D:4)
  3 orc wizards (D:4)
  3 gnolls (D:4)
  11 adders
  2 river rats (Sewer)
  2 worms
  2 dart slugs
  14 orcs
  8 ball pythons
  10 bats
  9 endoplasms
  7 giant cockroaches
  11 hobgoblins
  6 jackals
  3 quokkas
  3 frilled lizards
  7 goblins
  12 kobolds
  20 rats
143 creatures vanquished.

Notes
Turn   | Place    | Note
-------+----------+-------------------------------------------
     0 | D:1      | ultragoat the Demonspawn Gladiator began the quest for the
                  | Orb.
     0 | D:1      | Reached XP level 1. HP: 16/16 MP: 1/1
   331 | D:1      | Gained mutation: You are partially covered in large bone
                  | plates. (SH +4) [demonic ancestry]
   331 | D:1      | Reached XP level 2. HP: 22/22 MP: 2/2
   365 | D:1      | Found a faded altar of an unknown god.
   831 | D:1      | Gained mutation: You have a pair of small horns on your
                  | head. [demonic ancestry]
   831 | D:1      | Reached XP level 3. HP: 25/28 MP: 3/3
  1594 | D:2      | Reached skill level 1 in Armour
  2076 | D:3      | Gained mutation: You sometimes gain a little power by
                  | taking damage. [demonic ancestry]
  2076 | D:3      | Reached XP level 4. HP: 32/34 MP: 4/4
  2144 | D:3      | Gained mutation: A frigid envelope surrounds you and
                  | freezes all who hurt you. [potion of mutation]
  2144 | D:3      | Gained mutation: You have large cloven feet. [potion of
                  | mutation]
  2144 | D:3      | Gained mutation: Potions are less effective at restoring
                  | your health. [potion of mutation]
  2421 | D:3      | Found a glowing drain.
  2425 | Sewer    | Entered a sewer
  2442 | Sewer    | Gained mutation: You may rarely emit foul miasma when
                  | damaged in melee. [demonic ancestry]
  2442 | Sewer    | Reached XP level 5. HP: 29/39 MP: 5/5
  2555 | Sewer    | Reached skill level 1 in Axes
  3383 | D:3      | Identified the +6 hand axe "Utug" {vorpal, rPois rF+++
                  | Int-4 Dex-3}
  3603 | D:4      | Noticed a sky beast
  3607 | D:4      | Killed a sky beast
  3608 | D:4      | Reached skill level 2 in Axes
  3608 | D:4      | Gained mutation: You sometimes gain power by taking damage.
                  | [demonic ancestry]
  3608 | D:4      | Reached XP level 6. HP: 47/47 MP: 6/6
  3642 | D:4      | Reached skill level 3 in Axes
  3766 | D:4      | Found Rayrilaito's Book Shoppe.
  4336 | D:4      | Reached skill level 4 in Axes
  4340 | D:4      | Gained mutation: You are mostly covered in large bone
                  | plates. (SH +6) [demonic ancestry]
  4340 | D:4      | Reached XP level 7. HP: 49/52 MP: 7/7
  4423 | D:4      | Found a runed translucent gate.
  4544 | D:4      | Found a runed translucent gate.
  4544 | D:4      | Found a runed translucent gate.
  4788 | D:4      | Noticed Taurus's ghost (amateur MiBe)
  4843 | D:5      | Entered Level 5 of the Dungeon
  4912 | D:5      | Found a staircase to the Ecumenical Temple.
  4918 | D:5      | Reached skill level 5 in Axes
  4953 | Temple   | Entered the Ecumenical Temple
  4991 | Temple   | Became a worshipper of Makhleb the Destroyer
  5225 | D:5      | Killed from afar by an acid dragon

Illustrated notes

Levels and vault maps discovered:
D:1:      elethiomel_arrival_diamonds, layout_loops_ring,
          hellmonk_ecumenical_altar_heavens_door
D:2:      layout_basic
D:3:      minmay_chambers_of_threes, layout_loops_ring, gup_sewer_entry_spiral
D:4:      layout_loops_ring, serial_shops, nicolae_shop_statue_plus,
          gammafunk_ghost_icy, kennysheep_generic_room_7
D:5:      layout_layer_cave, minmay_temple_entry_water_ring, serial_shops,
          nicolae_lakefront_shop, kennysheep_nub, uniq_crazy_yiuf_cottage
Temple:   mainiacjoe_temple_hex_bubbles

Skill      XL: |  1  2  3  4  5  6  7 |
---------------+----------------------+-----
Dodging        | 3 4 |  4.1
Long Blades    | 3 |  3.7
Armour         | 1 2 |  2.4
Axes           | 2 4 5 |  5.5
Fighting       | 3 |  3.6
Throwing       | |  1.8
Stealth        | |  0.1

Action                   |  1- 3 |  4- 6 |  7- 9 || total
-------------------------+-------+-------+-------++-------
Melee: Long sword        |   120 |    31 |       ||   151
       Headbutt          |     4 |    13 |     3 ||    20
       Punch             |     1 |       |       ||     1
       Kick              |       |    14 |       ||    14
       Battleaxe         |       |    65 |    32 ||    97
  Use: Potion            |       |     4 |       ||     4
       Scroll            |       |    10 |       ||    10
 Stab: Sleeping          |       |       |     1 ||     1
Armor: Leather armour    |    32 |    13 |     6 ||    51
Dodge: Dodged            |    87 |    91 |    19 ||   197
Block: Other             |    20 |    19 |     5 ||    44

Table legend: (Time is in decaauts)
 A = Elapsed time spent in this place.
 B = Non-inter-level travel time spent in this place.
 C = Inter-level travel time spent in this place.
 D = Time resting spent in this place.
 E = Time spent auto-exploring this place.
 F = Levels seen in this place.
 G = Mean time per level.
                   A        B        C        D        E       F      G
               +--------+--------+--------+--------+--------+-----+--------+
         Total |   5344 |   5246 |     98 |   1106 |   2233 |   7 |  763.4 |
       Dungeon |   5134 |   5036 |     98 |   1040 |   2233 |   5 | 1026.8 |
        Temple |     66 |     66 |      0 |      0 |      0 |   1 |   66.0 |
         Sewer |    143 |    143 |      0 |     66 |      0 |   1 |  143.0 |
               +--------+--------+--------+--------+--------+-----+--------+

Top non-repeatable levels by time:
     D:3: 1452 daAuts
     D:1: 1277 daAuts
     D:4: 1276 daAuts
     D:2: 806 daAuts
     D:5: 322 daAuts
   Sewer: 143 daAuts
  Temple: 66 daAuts
